Workbook

Sheet Dashboard
C2: HOME RENOVATION TRACKER
C3: INFOS & SUMMARY
C7: Total Budget | E7: Total Expense | Q7: Profit / Loss | S7: =IFERROR(Q9/C9,"") -> 0.66
C9: =SUM(I16:I65) -> 42500 | E9: =AA19 -> 14450 | Q9: =SUM(S16:S65) -> 28050
C13: INFOS (When you start using the template, you must first fill out this section.) | L13: SUMMARY (This entire section is calculated automatically.)
C15: Property Address | F15: Property Owner | H15: Start Date | I15: Budget | J15: Link | L15: Labor Expenses | N15: Material Expenses | P15: Overhead Expenses | R15: Total Expenses | S15: Profit / Loss | T15: P. Margin
C16: Property Address 1 | F16: Property Owner 1 | H16: 19.1.2025 | I16: 12500 | J16: Go | L16: ='Property 1'!$X$19 -> 1000 | M16: =IFERROR(L16/$R$16,"") -> 0.16666667 | N16: ='Property 1'!$X$20 -> 2000 | O16: =IFERROR(N16/$R$16,"") -> 0.33333333 | P16: ='Property 1'!$X$21 -> 3000 | Q16: =IFERROR(P16/$R$16,"") -> 0.5 | R16: =SUM(L16,N16,P16) -> 6000 | S16: =I16-R16 -> 6500 | T16: =IFERROR(S16/I16,"") -> 0.52 | Z16: Labor Expenses | AA16: =SUM(L16:L65) -> 5200 | AC16: Labor | AD16: =IFERROR(AA16/$AA$19,"") -> 0.35986159
C17: Property Address 2 | F17: Property Owner 2 | H17: 20.2.2025 | I17: 30000 | J17: Go | L17: ='Property 2'!$X$19 -> 4200 | M17: =IFERROR(L17/$R$16,"") -> 0.7 | N17: ='Property 2'!$X$20 -> 2750 | O17: =IFERROR(N17/$R$16,"") -> 0.45833333 | P17: ='Property 2'!$X$21 -> 1500 | Q17: =IFERROR(P17/$R$16,"") -> 0.25 | R17: =SUM(L17,N17,P17) -> 8450 | S17: =I17-R17 -> 21550 | T17: =IFERROR(S17/I17,"") -> 0.71833333 | Z17: Material Expenses | AA17: =SUM(N16:N65) -> 4750 | AC17: Material | AD17: =IFERROR(AA17/$AA$19,"") -> 0.32871972
J18: Go | L18: ='Property 3'!$X$19 -> 0 | M18: =IFERROR(L18/$R$16,"") -> 0 | N18: ='Property 3'!$X$20 -> 0 | O18: =IFERROR(N18/$R$16,"") -> 0 | P18: ='Property 3'!$X$21 -> 0 | Q18: =IFERROR(P18/$R$16,"") -> 0 | R18: =SUM(L18,N18,P18) -> 0 | S18: =I18-R18 -> 0 | T18: =IFERROR(S18/I18,"") | Z18: Overhead Expenses | AA18: =SUM(P16:P65) -> 4500 | AC18: Overhead | AD18: =IFERROR(AA18/$AA$19,"") -> 0.31141869
J19: Go | L19: ='Property 4'!$X$19 -> 0 | M19: =IFERROR(L19/$R$16,"") -> 0 | N19: ='Property 4'!$X$20 -> 0 | O19: =IFERROR(N19/$R$16,"") -> 0 | P19: ='Property 4'!$X$21 -> 0 | Q19: =IFERROR(P19/$R$16,"") -> 0 | R19: =SUM(L19,N19,P19) -> 0 | S19: =I19-R19 -> 0 | T19: =IFERROR(S19/I19,"") | AA19: =SUM(AA16:AA18) -> 14450 | AB19: 1
J20: Go | L20: ='Property 5'!$X$19 -> 0 | M20: =IFERROR(L20/$R$16,"") -> 0 | N20: ='Property 5'!$X$20 -> 0 | O20: =IFERROR(N20/$R$16,"") -> 0 | P20: ='Property 5'!$X$21 -> 0 | Q20: =IFERROR(P20/$R$16,"") -> 0 | R20: =SUM(L20,N20,P20) -> 0 | S20: =I20-R20 -> 0 | T20: =IFERROR(S20/I20,"") | AB20: 1 | AC20: =S7 -> 0.66 | AD20: =AB20-AC20 -> 0.34
J21: Go | L21: ='Property 6'!$X$19 -> 0 | M21: =IFERROR(L21/$R$16,"") -> 0 | N21: ='Property 6'!$X$20 -> 0 | O21: =IFERROR(N21/$R$16,"") -> 0 | P21: ='Property 6'!$X$21 -> 0 | Q21: =IFERROR(P21/$R$16,"") -> 0 | R21: =SUM(L21,N21,P21) -> 0 | S21: =I21-R21 -> 0 | T21: =IFERROR(S21/I21,"")
J22: Go | L22: ='Property 7'!$X$19 -> 0 | M22: =IFERROR(L22/$R$16,"") -> 0 | N22: ='Property 7'!$X$20 -> 0 | O22: =IFERROR(N22/$R$16,"") -> 0 | P22: ='Property 7'!$X$21 -> 0 | Q22: =IFERROR(P22/$R$16,"") -> 0 | R22: =SUM(L22,N22,P22) -> 0 | S22: =I22-R22 -> 0 | T22: =IFERROR(S22/I22,"")
J23: Go | L23: ='Property 8'!$X$19 -> 0 | M23: =IFERROR(L23/$R$16,"") -> 0 | N23: ='Property 8'!$X$20 -> 0 | O23: =IFERROR(N23/$R$16,"") -> 0 | P23: ='Property 8'!$X$21 -> 0 | Q23: =IFERROR(P23/$R$16,"") -> 0 | R23: =SUM(L23,N23,P23) -> 0 | S23: =I23-R23 -> 0 | T23: =IFERROR(S23/I23,"")
J24: Go | L24: ='Property 9'!$X$19 -> 0 | M24: =IFERROR(L24/$R$16,"") -> 0 | N24: ='Property 9'!$X$20 -> 0 | O24: =IFERROR(N24/$R$16,"") -> 0 | P24: ='Property 9'!$X$21 -> 0 | Q24: =IFERROR(P24/$R$16,"") -> 0 | R24: =SUM(L24,N24,P24) -> 0 | S24: =I24-R24 -> 0 | T24: =IFERROR(S24/I24,"")
J25: Go | L25: ='Property 10'!$X$19 -> 0 | M25: =IFERROR(L25/$R$16,"") -> 0 | N25: ='Property 10'!$X$20 -> 0 | O25: =IFERROR(N25/$R$16,"") -> 0 | P25: ='Property 10'!$X$21 -> 0 | Q25: =IFERROR(P25/$R$16,"") -> 0 | R25: =SUM(L25,N25,P25) -> 0 | S25: =I25-R25 -> 0 | T25: =IFERROR(S25/I25,"")
J26: Go
J27: Go
J28: Go
J29: Go
J30: Go
J31: Go
J32: Go
J33: Go
J34: Go
J35: Go
J36: Go
J37: Go
... J65: Go

Sheet Property 1
C2: HOME RENOVATION TRACKER
C3: PROPERTY TRANSACTION
C8: Property Address | E8: : | F8: =IF(Dashboard!C16="","",Dashboard!C16) -> Property Address 1 | J8: TOTAL EXPENSE | P8: Profit / Loss
C9: Property Owner | E9: : | F9: =IF(Dashboard!F16="","",Dashboard!F16) -> Property Owner 1
C10: Phone Number | E10: :
C11: Email | E11: : | J11: =X22 -> 6000 | P11: =F13-J11 -> 6500
C12: Start Date | E12: : | F12: =IF(Dashboard!H16="","",Dashboard!H16) -> 19.1.2025
C13: Budget | E13: : | F13: =Dashboard!I16 -> 12500 | P13: =IFERROR(P11/F13,"") -> 0.52
C16: Date | D16: Item Name | H16: Item Description | M16: Type | N16: Amount | O16: Note
C17: 24.1.2025 | D17: Item Name 1 | H17: Item Description 1 | M17: Labor | N17: 1000
C18: 25.1.2025 | D18: Item Name 2 | H18: Item Description 2 | M18: Material | N18: 2000
C19: 25.1.2025 | D19: Item Name 3 | H19: Item Description 3 | M19: Overhead | N19: 3000 | W19: Labor | X19: =SUMIF($M$17:$M$166,W19,$N$17:$N$166) -> 1000
W20: Material | X20: =SUMIF($M$17:$M$166,W20,$N$17:$N$166) -> 2000
W21: Overhead | X21: =SUMIF($M$17:$M$166,W21,$N$17:$N$166) -> 3000
W22: TOTAL | X22: =SUM(X19:X21) -> 6000

Sheet Property 2
C2: HOME RENOVATION TRACKER
C3: PROPERTY TRANSACTION
C8: Property Address | E8: : | F8: =IF(Dashboard!C17="","",Dashboard!C17) -> Property Address 2 | J8: TOTAL EXPENSE | P8: Profit / Loss
C9: Property Owner | E9: : | F9: =IF(Dashboard!F17="","",Dashboard!F17) -> Property Owner 2
C10: Phone Number | E10: :
C11: Email | E11: : | J11: =X22 -> 8450 | P11: =F13-J11 -> 21550
C12: Start Date | E12: : | F12: =IF(Dashboard!H17="","",Dashboard!H17) -> 20.2.2025
C13: Budget | E13: : | F13: =Dashboard!I17 -> 30000 | P13: =IFERROR(P11/F13,"") -> 0.71833333
C16: Date | D16: Item Name | H16: Item Description | M16: Type | N16: Amount | O16: Note
C17: 1.3.2025 | D17: Item Name 1 | H17: Item Description 1 | M17: Overhead | N17: 1500
C18: 2.3.2025 | D18: Item Name 2 | H18: Item Description 2 | M18: Material | N18: 2750
C19: 5.3.2025 | D19: Item Name 3 | H19: Item Description 3 | M19: Labor | N19: 4200 | W19: Labor | X19: =SUMIF($M$17:$M$166,W19,$N$17:$N$166) -> 4200
W20: Material | X20: =SUMIF($M$17:$M$166,W20,$N$17:$N$166) -> 2750
W21: Overhead | X21: =SUMIF($M$17:$M$166,W21,$N$17:$N$166) -> 1500
W22: TOTAL | X22: =SUM(X19:X21) -> 8450

Sheet Property 3
C2: HOME RENOVATION TRACKER
C3: PROPERTY TRANSACTION
C8: Property Address | E8: : | F8: =IF(Dashboard!C18="","",Dashboard!C18) | J8: TOTAL EXPENSE | P8: Profit / Loss
C9: Property Owner | E9: : | F9: =IF(Dashboard!F18="","",Dashboard!F18)
C10: Phone Number | E10: :
C11: Email | E11: : | J11: =X22 -> 0 | P11: =F13-J11 -> 0
C12: Start Date | E12: : | F12: =IF(Dashboard!H18="","",Dashboard!H18)
C13: Budget | E13: : | F13: =Dashboard!I18 -> 0 | P13: =IFERROR(P11/F13,"")
C16: Date | D16: Item Name | H16: Item Description | M16: Type | N16: Amount | O16: Note
W19: Labor | X19: =SUMIF($M$17:$M$166,W19,$N$17:$N$166) -> 0
W20: Material | X20: =SUMIF($M$17:$M$166,W20,$N$17:$N$166) -> 0
W21: Overhead | X21: =SUMIF($M$17:$M$166,W21,$N$17:$N$166) -> 0
W22: TOTAL | X22: =SUM(X19:X21) -> 0

Sheet Property 4
C2: HOME RENOVATION TRACKER
C3: PROPERTY TRANSACTION
C8: Property Address | E8: : | F8: =IF(Dashboard!C19="","",Dashboard!C19) | J8: TOTAL EXPENSE | P8: Profit / Loss
C9: Property Owner | E9: : | F9: =IF(Dashboard!F19="","",Dashboard!F19)
C10: Phone Number | E10: :
C11: Email | E11: : | J11: =X22 -> 0 | P11: =F13-J11 -> 0
C12: Start Date | E12: : | F12: =IF(Dashboard!H19="","",Dashboard!H19)
C13: Budget | E13: : | F13: =Dashboard!I19 -> 0 | P13: =IFERROR(P11/F13,"")
C16: Date | D16: Item Name | H16: Item Description | M16: Type | N16: Amount | O16: Note
W19: Labor | X19: =SUMIF($M$17:$M$166,W19,$N$17:$N$166) -> 0
W20: Material | X20: =SUMIF($M$17:$M$166,W20,$N$17:$N$166) -> 0
W21: Overhead | X21: =SUMIF($M$17:$M$166,W21,$N$17:$N$166) -> 0
W22: TOTAL | X22: =SUM(X19:X21) -> 0

Sheet Property 5
C2: HOME RENOVATION TRACKER
C3: PROPERTY TRANSACTION
C8: Property Address | E8: : | F8: =IF(Dashboard!C20="","",Dashboard!C20) | J8: TOTAL EXPENSE | P8: Profit / Loss
C9: Property Owner | E9: : | F9: =IF(Dashboard!F20="","",Dashboard!F20)
C10: Phone Number | E10: :
C11: Email | E11: : | J11: =X22 -> 0 | P11: =F13-J11 -> 0
C12: Start Date | E12: : | F12: =IF(Dashboard!H20="","",Dashboard!H20)
C13: Budget | E13: : | F13: =Dashboard!I20 -> 0 | P13: =IFERROR(P11/F13,"")
C16: Date | D16: Item Name | H16: Item Description | M16: Type | N16: Amount | O16: Note
W19: Labor | X19: =SUMIF($M$17:$M$166,W19,$N$17:$N$166) -> 0
W20: Material | X20: =SUMIF($M$17:$M$166,W20,$N$17:$N$166) -> 0
W21: Overhead | X21: =SUMIF($M$17:$M$166,W21,$N$17:$N$166) -> 0
W22: TOTAL | X22: =SUM(X19:X21) -> 0

Sheet Property 6
C2: HOME RENOVATION TRACKER
C3: PROPERTY TRANSACTION
C8: Property Address | E8: : | F8: =IF(Dashboard!C21="","",Dashboard!C21) | J8: TOTAL EXPENSE | P8: Profit / Loss
C9: Property Owner | E9: : | F9: =IF(Dashboard!F21="","",Dashboard!F21)
C10: Phone Number | E10: :
C11: Email | E11: : | J11: =X22 -> 0 | P11: =F13-J11 -> 0
C12: Start Date | E12: : | F12: =IF(Dashboard!H21="","",Dashboard!H21)
C13: Budget | E13: : | F13: =Dashboard!I21 -> 0 | P13: =IFERROR(P11/F13,"")
C16: Date | D16: Item Name | H16: Item Description | M16: Type | N16: Amount | O16: Note
W19: Labor | X19: =SUMIF($M$17:$M$166,W19,$N$17:$N$166) -> 0
W20: Material | X20: =SUMIF($M$17:$M$166,W20,$N$17:$N$166) -> 0
W21: Overhead | X21: =SUMIF($M$17:$M$166,W21,$N$17:$N$166) -> 0
W22: TOTAL | X22: =SUM(X19:X21) -> 0

Sheet Property 7
C2: HOME RENOVATION TRACKER
C3: PROPERTY TRANSACTION
C8: Property Address | E8: : | F8: =IF(Dashboard!C22="","",Dashboard!C22) | J8: TOTAL EXPENSE | P8: Profit / Loss
C9: Property Owner | E9: : | F9: =IF(Dashboard!F22="","",Dashboard!F22)
C10: Phone Number | E10: :
C11: Email | E11: : | J11: =X22 -> 0 | P11: =F13-J11 -> 0
C12: Start Date | E12: : | F12: =IF(Dashboard!H22="","",Dashboard!H22)
C13: Budget | E13: : | F13: =Dashboard!I22 -> 0 | P13: =IFERROR(P11/F13,"")
C16: Date | D16: Item Name | H16: Item Description | M16: Type | N16: Amount | O16: Note
W19: Labor | X19: =SUMIF($M$17:$M$166,W19,$N$17:$N$166) -> 0
W20: Material | X20: =SUMIF($M$17:$M$166,W20,$N$17:$N$166) -> 0
W21: Overhead | X21: =SUMIF($M$17:$M$166,W21,$N$17:$N$166) -> 0
W22: TOTAL | X22: =SUM(X19:X21) -> 0

Sheet Property 8
C2: HOME RENOVATION TRACKER
C3: PROPERTY TRANSACTION
C8: Property Address | E8: : | F8: =IF(Dashboard!C23="","",Dashboard!C23) | J8: TOTAL EXPENSE | P8: Profit / Loss
C9: Property Owner | E9: : | F9: =IF(Dashboard!F23="","",Dashboard!F23)
C10: Phone Number | E10: :
C11: Email | E11: : | J11: =X22 -> 0 | P11: =F13-J11 -> 0
C12: Start Date | E12: : | F12: =IF(Dashboard!H23="","",Dashboard!H23)
C13: Budget | E13: : | F13: =Dashboard!I23 -> 0 | P13: =IFERROR(P11/F13,"")
C16: Date | D16: Item Name | H16: Item Description | M16: Type | N16: Amount | O16: Note
W19: Labor | X19: =SUMIF($M$17:$M$166,W19,$N$17:$N$166) -> 0
W20: Material | X20: =SUMIF($M$17:$M$166,W20,$N$17:$N$166) -> 0
W21: Overhead | X21: =SUMIF($M$17:$M$166,W21,$N$17:$N$166) -> 0
W22: TOTAL | X22: =SUM(X19:X21) -> 0

Sheet Property 9
C2: HOME RENOVATION TRACKER
C3: PROPERTY TRANSACTION
C8: Property Address | E8: : | F8: =IF(Dashboard!C24="","",Dashboard!C24) | J8: TOTAL EXPENSE | P8: Profit / Loss
C9: Property Owner | E9: : | F9: =IF(Dashboard!F24="","",Dashboard!F24)
C10: Phone Number | E10: :
C11: Email | E11: : | J11: =X22 -> 0 | P11: =F13-J11 -> 0
C12: Start Date | E12: : | F12: =IF(Dashboard!H24="","",Dashboard!H24)
C13: Budget | E13: : | F13: =Dashboard!I24 -> 0 | P13: =IFERROR(P11/F13,"")
C16: Date | D16: Item Name | H16: Item Description | M16: Type | N16: Amount | O16: Note
W19: Labor | X19: =SUMIF($M$17:$M$166,W19,$N$17:$N$166) -> 0
W20: Material | X20: =SUMIF($M$17:$M$166,W20,$N$17:$N$166) -> 0
W21: Overhead | X21: =SUMIF($M$17:$M$166,W21,$N$17:$N$166) -> 0
W22: TOTAL | X22: =SUM(X19:X21) -> 0

Sheet Property 10
C2: HOME RENOVATION TRACKER
C3: PROPERTY TRANSACTION
C8: Property Address | E8: : | F8: =IF(Dashboard!C25="","",Dashboard!C25) | J8: TOTAL EXPENSE | P8: Profit / Loss
C9: Property Owner | E9: : | F9: =IF(Dashboard!F25="","",Dashboard!F25)
C10: Phone Number | E10: :
C11: Email | E11: : | J11: =X22 -> 0 | P11: =F13-J11 -> 0
C12: Start Date | E12: : | F12: =IF(Dashboard!H25="","",Dashboard!H25)
C13: Budget | E13: : | F13: =Dashboard!I25 -> 0 | P13: =IFERROR(P11/F13,"")
C16: Date | D16: Item Name | H16: Item Description | M16: Type | N16: Amount | O16: Note
W19: Labor | X19: =SUMIF($M$17:$M$166,W19,$N$17:$N$166) -> 0
W20: Material | X20: =SUMIF($M$17:$M$166,W20,$N$17:$N$166) -> 0
W21: Overhead | X21: =SUMIF($M$17:$M$166,W21,$N$17:$N$166) -> 0
W22: TOTAL | X22: =SUM(X19:X21) -> 0
